[Event "11th LCC FIDE Open 2019"]
[Site "London"]
[Date "2019.11.30"]
[Round "2.46"]
[White "Gopakumar, Siddharth"]
[Black "Vaishali, R."]
[Result "0-1"]
[ECO "B01"]
[WhiteElo "1848"]
[BlackElo "2376"]
[Annotator "NA"]
[PlyCount "76"]
[EventDate "2019.11.29"]
[EventType "swiss"]
[EventCountry "ENG"]
[SourceTitle "playchess.com"]
[Source "ChessBase"]
[SourceQuality "1"]
[TimeControl "40/5400+30:1800+30"]

1. e4 d5 2. exd5 Qxd5 3. Nc3 Qa5 4. d4 c6 5. Bc4 Bf5 6. Nf3 e6 7. O-O Nf6 8. Bd2 Qc7 9. Bg5 Nbd7 10. Qe2 Bd6 11. Rfe1 O-O 12. Bd3 Bxd3 13. Qxd3 $11 h6 14. Bh4 Rfe8 15. Rad1 a6 16. Bxf6 Nxf6 17. Ne4 Nxe4 18. Qxe4 Qa5 19. a3 Qb5 20. Re3 Qd5 21. Nd2 Bxh2+ 22. Kf1 Bc7 23. Qxd5 cxd5 24. c4 dxc4 25. Nxc4 Red8 26. Red3 Kf8 27. d5 exd5 28. Rxd5 Rxd5 29. Rxd5 Rd8 30. Rxd8+ Bxd8 31. g4 Ke7 32. Ke2 Ke6 33. Kd3 b5 34. Ne3 Bb6 35. Nf5 g6 36. Nxh6 Bxf2 37. Ke4 Bh4 38. Kf4 Kf6 0-1

[Event "11th LCC FIDE Open 2019"]
[Site "London"]
[Date "2019.11.30"]
[Round "2.47"]
[White "Manfay, Mate"]
[Black "Hughes, Anthony"]
[Result "1-0"]
[ECO "A10"]
[WhiteElo "2197"]
[BlackElo "1874"]
[Annotator "NA"]
[PlyCount "131"]
[EventDate "2019.11.29"]
[EventType "swiss"]
[EventCountry "ENG"]
[SourceTitle "playchess.com"]
[Source "ChessBase"]
[SourceQuality "1"]
[TimeControl "40/5400+30:1800+30"]

1. c4 f5 2. Nc3 Nf6 3. g3 e6 4. Bg2 Be7 5. d3 O-O 6. e4 d6 7. exf5 exf5 8. Nge2 Nc6 9. O-O Ne5 10. b3 c6 11. d4 Ng6 $16 12. d5 Qc7 13. dxc6 bxc6 14. Nd4 d5 15. cxd5 Bb4 16. Nde2 Ba6 17. d6 Bxd6 18. Qc2 Rae8 19. Rd1 Be5 20. Ba3 Bxe2 21. Nxe2 Bxa1 22. Bxf8 Kxf8 23. Rxa1 Qe5 24. Nc3 Rd8 25. Rc1 Qc5 26. h3 f4 27. Ne4 Qxc2 28. Rxc2 fxg3 29. fxg3 Rd1+ 30. Kf2 Ne5 31. Nxf6 gxf6 32. Bxc6 Nxc6 33. Rxc6 Rd2+ 34. Ke3 Rxa2 35. Rxf6+ Kg7 36. Rc6 Rb2 37. Rc7+ Kg6 38. Rb7 a5 39. Rb6+ Kg7 40. Rb5 Ra2 41. Kf4 a4 42. Rb7+ Kg6 43. Rb6+ Kg7 44. Kg5 axb3 45. Rb7+ Kg8 46. Rxb3 Ra5+ 47. Kf4 Ra4+ 48. Kf3 Kg7 49. Rb5 Kg6 50. Re5 Rb4 51. Re4 Rxe4 52. Kxe4 Kg5 53. Ke5 Kg6 54. Ke6 Kg7 55. Ke7 Kg6 56. Kf8 Kf6 57. Kg8 Kg6 58. Kh8 Kh6 59. g4 Kg6 60. h4 h5 61. g5 Kf5 62. Kh7 Kg4 63. g6 Kxh4 64. g7 Kh3 65. g8=Q h4 66. Qg5 1-0

[Event "11th LCC FIDE Open 2019"]
[Site "London"]
[Date "2019.11.30"]
[Round "2.48"]
[White "Ciocan, Maria-Alexandra"]
[Black "Davis, Holden"]
[Result "0-1"]
[ECO "C17"]
[WhiteElo "2058"]
[BlackElo "1840"]
[Annotator "NA"]
[PlyCount "58"]
[EventDate "2019.11.29"]
[EventType "swiss"]
[EventCountry "ENG"]
[SourceTitle "playchess.com"]
[Source "ChessBase"]
[SourceQuality "1"]
[TimeControl "40/5400+30:1800+30"]

1. e4 e6 2. d4 d5 3. Nc3 Bb4 4. e5 c5 5. Qg4 Ne7 ({Wrong is} 5... cxd4 $2 6. Qxg7 dxc3 7. b3 $18) 6. dxc5 Nbc6 7. Bd2 O-O 8. Nf3 f5 9. exf6 (9. Qg3 $11 {keeps the balance.}) 9... Rxf6 10. O-O-O $17 e5 11. Qh5 g6 12. Qg5 Rf5 13. Qg3 Bxc5 14. Bg5 Qa5 15. Nxd5 Qxa2 16. Nxe7+ Nxe7 17. Rd8+ Kg7 18. c3 Qa1+ 19. Kc2 Qa4+ 20. Kc1 h6 21. Bd2 Bb6 22. Rd6 Bc7 23. Rd4 Qa1+ 24. Kc2 exd4 25. Qxc7 Rf7 26. Qe5+ Kh7 27. h4 Bf5+ 28. Kb3 Qd1+ 29. Ka2 Qa4# {[%emt 0:00:08] Ng1} 0-1

[Event "11th LCC FIDE Open 2019"]
[Site "London"]
[Date "2019.11.30"]
[Round "2.49"]
[White "Tombolis, Christopher"]
[Black "Nettleton, Charlie B"]
[Result "1-0"]
[ECO "A51"]
[WhiteElo "1824"]
[BlackElo "2058"]
[Annotator "NA"]
[PlyCount "47"]
[EventDate "2019.11.29"]
[EventType "swiss"]
[EventCountry "ENG"]
[SourceTitle "playchess.com"]
[Source "ChessBase"]
[SourceQuality "1"]
[TimeControl "40/5400+30:1800+30"]

1. d4 Nf6 2. c4 e5 3. dxe5 Ne4 4. Qc2 Bb4+ 5. Bd2 Nxd2 6. Nxd2 Nc6 7. Ngf3 Qe7 8. O-O-O Nxe5 9. Nxe5 Qxe5 10. Nf3 Qf6 11. e3 O-O 12. Bd3 g6 13. h4 Re8 {[%emt 0:02:15] [#]} 14. h5 $1 Bf8 $18 15. hxg6 hxg6 16. Rh4 Bg7 17. Rf4 Qe7 18. Rh1 Rf8 19. Nh4 Qd6 20. c5 Qc6 21. Nxg6 Re8 22. Bc4 d5 23. cxd6 Be6 24. Ne7+ 1-0

[Event "11th LCC FIDE Open 2019"]
[Site "London"]
[Date "2019.11.30"]
[Round "2.50"]
[White "Eche, Sylvain"]
[Black "Covey, Jason"]
[Result "1-0"]
[ECO "C02"]
[WhiteElo "2054"]
[BlackElo "1773"]
[Annotator "NA"]
[PlyCount "87"]
[EventDate "2019.11.29"]
[EventType "swiss"]
[EventCountry "ENG"]
[SourceTitle "playchess.com"]
[Source "ChessBase"]
[SourceQuality "1"]
[TimeControl "40/5400+30:1800+30"]

1. e4 e6 2. d4 d5 3. e5 c5 4. c3 Nc6 5. Nf3 Bd7 6. a3 f6 7. Bd3 cxd4 8. cxd4 fxe5 9. Nxe5 Nf6 10. Nxc6 Bxc6 11. O-O Bd6 12. Re1 Bd7 13. Nc3 O-O 14. Bg5 Qb6 $11 15. Bc2 Rac8 16. Re3 h6 17. Bh4 Rc4 18. Ne2 Bxh2+ 19. Kxh2 Ng4+ 20. Kg1 Nxe3 21. fxe3 Qxb2 22. Bb3 Ba4 23. Bxa4 Rxa4 24. Be7 Rf7 25. Rb1 Qa2 26. Rxb7 Qc4 27. Rb8+ Kh7 28. Bb4 Ra6 29. Nf4 g6 30. Nxg6 Kxg6 31. Qg4+ Kf6 32. Qf4+ Kg7 33. Bf8+ Kg6 34. Qxh6+ Kf5 35. Qf4+ Kg6 36. Qg4+ Kf6 37. Bg7+ Ke7 38. Qg5+ Kd7 39. Qd8+ Kc6 40. Rc8+ Kb7 41. Rxc4 dxc4 42. Be5 Rc6 43. Qb8+ Ka6 44. Qe8 1-0

[Event "11th LCC FIDE Open 2019"]
[Site "London"]
[Date "2019.11.30"]
[Round "2.51"]
[White "Barasi, Paul Dl"]
[Black "Orgler, Philipp"]
[Result "1/2-1/2"]
[ECO "D03"]
[WhiteElo "1770"]
[BlackElo "2047"]
[Annotator "NA"]
[PlyCount "86"]
[EventDate "2019.11.29"]
[EventType "swiss"]
[EventCountry "ENG"]
[SourceTitle "playchess.com"]
[Source "ChessBase"]
[SourceQuality "1"]
[TimeControl "40/5400+30:1800+30"]

1. d4 Nf6 2. Bg5 d5 3. e3 e6 4. Nd2 Be7 5. Bd3 c5 6. c3 b6 7. f4 Bb7 8. Ngf3 Nbd7 9. O-O Ne4 10. Bxe7 Qxe7 11. Ne5 $11 O-O 12. Nxd7 Qxd7 13. Rf3 f5 14. Rh3 Nxd2 15. Qxd2 Rac8 16. Qe2 Rc7 17. a3 Rfc8 18. Rf1 g6 19. Rff3 Bc6 20. Rh6 a5 21. Rfh3 Rb8 22. Rxh7 Qxh7 23. Rxh7 Rxh7 24. Bb5 Bb7 25. Ba4 c4 26. Qf3 Kf7 27. Qg3 Rbh8 28. h3 Ba6 29. Bd7 Rg7 30. a4 Ke7 31. Bc6 Kd6 32. Bb5 Bxb5 33. axb5 Rh5 34. Kf2 Ke7 35. Qf3 Rgh7 36. Qd1 Kf6 37. Qa4 Rd7 38. Qa3 Rh8 39. h4 Kf7 40. g3 Rhd8 41. Qa4 Ra7 42. Kf3 Kf6 43. Kg2 Kf7 1/2-1/2

[Event "11th LCC FIDE Open 2019"]
[Site "London"]
[Date "2019.11.30"]
[Round "2.53"]
[White "Gaier, Walter"]
[Black "Vaddadi, Seshagiri"]
[Result "1/2-1/2"]
[ECO "B20"]
[WhiteElo "1750"]
[BlackElo "2042"]
[Annotator "NA"]
[PlyCount "103"]
[EventDate "2019.11.29"]
[EventType "swiss"]
[EventCountry "ENG"]
[SourceTitle "playchess.com"]
[Source "ChessBase"]
[SourceQuality "1"]
[TimeControl "40/5400+30:1800+30"]

1. e4 c5 2. b4 cxb4 3. a3 d5 4. e5 Nc6 5. d4 Qb6 $15 6. Ne2 Bf5 7. Bb2 e6 8. a4 Be7 9. Nd2 Nh6 10. Nb3 Rc8 11. Ng3 Bg6 12. Bd3 O-O 13. O-O f6 14. f4 Bxd3 15. cxd3 a5 16. Qe2 Nd8 17. Rac1 Rxc1 18. Rxc1 fxe5 19. fxe5 Bg5 20. Rc5 Nc6 21. Rb5 Qc7 22. Nc5 Nd8 23. Nf1 b6 24. Nb3 Qf7 25. Nbd2 Qc7 26. Nf3 Be7 27. Ne3 Nc6 28. Qc2 Rc8 29. h3 Bd8 30. Qb3 Na7 31. Nxd5 exd5 32. Rxd5 Kh8 33. e6 Qf4 34. Rd7 Qe3+ 35. Kh2 Bc7+ 36. Ne5 Nc6 37. Qd5 Qf4+ 38. Kg1 Nxd4 39. Bxd4 Bxe5 40. Rd8+ Ng8 41. Rxc8 Bxd4+ 42. Kh1 Qf1+ 43. Kh2 Qf4+ 44. Kh1 Qf1+ 45. Kh2 Qf4+ 46. Kh1 Qf1+ 47. Kh2 Bg1+ 48. Kg3 Qe1+ 49. Kg4 Qe2+ 50. Kg3 Bd4 51. Kh2 Qf2 {[%emt 0:00:04] g3} 52. Qf3 1/2-1/2

[Event "11th LCC FIDE Open 2019"]
[Site "London"]
[Date "2019.11.30"]
[Round "2.54"]
[White "Walker, Samuel A"]
[Black "Kuzhelev, Timur"]
[Result "1-0"]
[ECO "C40"]
[WhiteElo "2039"]
[BlackElo "1716"]
[Annotator "NA"]
[PlyCount "85"]
[EventDate "2019.11.29"]
[EventType "swiss"]
[EventCountry "ENG"]
[SourceTitle "playchess.com"]
[Source "ChessBase"]
[SourceQuality "1"]
[TimeControl "40/5400+30:1800+30"]

1. e4 e5 2. Nf3 d5 3. exd5 e4 4. Qe2 Nf6 5. Nc3 Be7 6. Nd4 (6. Nxe4 $14 O-O 7. Nxf6+ Bxf6 8. d4) 6... O-O 7. Qc4 (7. d3 $11 {remains equal.}) 7... Nbd7 8. Be2 Nb6 9. Qb3 Nbxd5 10. d3 $19 {[%emt 0:02:55] [#]} (10. Nxd5 $17 Qxd5 11. Qxd5 Nxd5 12. f3) 10... exd3 $2 (10... Nb6 $1 $19 {has better winning chances.} 11. Nxe4 Qxd4) 11. Nxd5 Nxd5 12. Bxd3 Bb4+ 13. c3 Re8+ 14. Kf1 Bc5 15. Bc4 c6 16. Bxd5 cxd5 17. Be3 b6 18. Rd1 Ba6+ 19. Kg1 Bc4 20. Qc2 Rc8 21. h4 h6 22. Rh3 Re4 23. Nf5 Qf6 24. Rf3 Bxe3 25. Nxe3 Qxh4 26. Qd2 Rce8 27. b3 Bd3 28. Qxd3 R8e5 29. Rf5 Re6 30. Rxd5 g6 31. Rd4 Rxd4 32. cxd4 Rf6 33. Qd2 b5 34. d5 Rd6 35. Qd4 Qe7 36. Rc1 Rd8 37. b4 f5 38. Qf4 Kh7 39. Rc7 Rd7 40. Nxf5 Qe1+ 41. Kh2 g5 42. Rxd7+ Kg6 43. Rd6+ 1-0

[Event "11th LCC FIDE Open 2019"]
[Site "London"]
[Date "2019.12.01"]
[Round "4.1"]
[White "Petrov, Martin"]
[Black "Aravindh, Chithambaram VR."]
[Result "1/2-1/2"]
[ECO "B35"]
[WhiteElo "2497"]
[BlackElo "2605"]
[Annotator "ChessBase"]
[PlyCount "49"]
[EventDate "2019.11.29"]
[EventType "swiss"]
[EventCountry "ENG"]
[SourceTitle "playchess.com"]
[Source "ChessBase"]
[SourceQuality "1"]
[TimeControl "40/5400+30:1800+30"]

1. e4 c5 2. Nf3 Nc6 3. d4 cxd4 4. Nxd4 g6 5. Nc3 Bg7 6. Be3 Nf6 7. Bc4 O-O 8. Bb3 Re8 9. Nxc6 dxc6 10. Qf3 Qc7 11. h3 b6 12. O-O e5 13. a4 Be6 14. Bxe6 Rxe6 15. Qe2 Bf8 16. Qc4 Ne8 17. Rfd1 Nd6 18. Nb5 Qb7 19. Nxd6 Rxd6 20. Rxd6 Bxd6 21. Rd1 Be7 22. Rd3 Rd8 23. Rxd8+ Bxd8 24. Kf1 Be7 25. Ke2 1/2-1/2

[Event "11th LCC FIDE Open 2019"]
[Site "London"]
[Date "2019.12.01"]
[Round "4.2"]
[White "Moussard, Jules"]
[Black "Gormally, Daniel W"]
[Result "0-1"]
[ECO "B81"]
[WhiteElo "2600"]
[BlackElo "2491"]
[Annotator "ChessBase"]
[PlyCount "86"]
[EventDate "2019.11.29"]
[EventType "swiss"]
[EventCountry "ENG"]
[SourceTitle "playchess.com"]
[Source "ChessBase"]
[SourceQuality "1"]
[TimeControl "40/5400+30:1800+30"]

1. e4 c5 2. Nf3 d6 3. d4 cxd4 4. Nxd4 Nf6 5. Nc3 a6 6. h3 e6 7. g4 Be7 8. g5 Nfd7 9. Be3 Nc6 10. h4 O-O 11. Qd2 Nxd4 12. Qxd4 b5 13. O-O-O Bb7 14. f4 Qa5 15. a3 Rfc8 16. Kb1 d5 17. Rh3 b4 18. axb4 Bxb4 19. Na2 Bc5 20. Qd2 Qc7 21. e5 d4 22. Bf2 Bd5 23. Nc1 a5 24. Nb3 Bb4 25. Qe2 a4 26. Nxd4 a3 27. c4 axb2 28. Qxb2 Be4+ 29. Bd3 Nc5 30. Bc2 Qa5 31. Nb3 Bxc2+ 32. Kxc2 Nxb3 33. Qxb3 Qa6 34. Kd3 Qb7 35. Rb1 Qg2 36. Ke2 Ra3 37. Qxb4 Qxh3 38. Qb7 Qd3+ 39. Ke1 Qxc4 40. h5 Ra2 41. Qf3 Qc1+ 42. Qd1 Qxf4 43. Qc2 Raxc2 0-1

[Event "11th LCC FIDE Open 2019"]
[Site "London"]
[Date "2019.12.01"]
[Round "4.5"]
[White "Grover, Sahaj"]
[Black "Cherniaev, Alexander"]
[Result "1/2-1/2"]
[ECO "C48"]
[WhiteElo "2508"]
[BlackElo "2428"]
[Annotator "ChessBase"]
[PlyCount "105"]
[EventDate "2019.11.29"]
[EventType "swiss"]
[EventCountry "ENG"]
[SourceTitle "playchess.com"]
[Source "ChessBase"]
[SourceQuality "1"]
[TimeControl "40/5400+30:1800+30"]

1. e4 e5 2. Nf3 Nc6 3. Nc3 Nf6 4. Bb5 Bd6 5. d3 h6 6. a3 a6 7. Bc4 b5 8. Ba2 Bb7 9. O-O Bc5 10. Be3 d6 11. d4 exd4 12. Nxd4 Nxd4 13. Bxd4 Bxd4 14. Qxd4 c5 15. Qd3 O-O 16. Rad1 Qb6 17. Bd5 Bxd5 18. Nxd5 Nxd5 19. Qxd5 Rfe8 20. Rd3 Ra7 21. f3 Re6 22. Rfd1 Rae7 23. Qf5 c4+ 24. Rd4 Re5 25. Qc8+ Re8 26. Qd7 d5 27. exd5 Re1+ 28. Rxe1 Rxe1+ 29. Kf2 Rd1 30. Qe8+ Kh7 31. Qe4+ f5 32. Qxf5+ g6 33. Qf7+ Kh8 34. c3 Rxd4 35. cxd4 Qxd4+ 36. Kg3 g5 37. h3 Qxb2 38. Kg4 Qe5 39. Qf8+ Kh7 40. d6 Qd4+ 41. f4 Qd1+ 42. Kg3 gxf4+ 43. Qxf4 Qd5 44. Qf6 c3 45. Qe7+ Kg6 46. d7 c2 47. Qe8+ Kg7 48. d8=Q Qxd8 49. Qxd8 c1=Q 50. Qe7+ Kg6 51. Qe6+ Kg7 52. Qxa6 Qe3+ 53. Kh2 1/2-1/2

[Event "11th LCC FIDE Open 2019"]
[Site "London"]
[Date "2019.12.01"]
[Round "4.6"]
[White "Arkell, Keith C"]
[Black "Gordon, Stephen J"]
[Result "1/2-1/2"]
[ECO "D35"]
[WhiteElo "2445"]
[BlackElo "2505"]
[Annotator "ChessBase"]
[PlyCount "73"]
[EventDate "2019.11.29"]
[EventType "swiss"]
[EventCountry "ENG"]
[SourceTitle "playchess.com"]
[Source "ChessBase"]
[SourceQuality "1"]
[TimeControl "40/5400+30:1800+30"]

1. Nf3 d5 2. d4 Nf6 3. c4 e6 4. Nc3 c6 5. cxd5 exd5 6. Bg5 h6 7. Bh4 Bf5 8. e3 Nbd7 9. Bd3 Bxd3 10. Qxd3 Bd6 11. O-O O-O 12. Rfe1 Re8 13. Qc2 a5 14. e4 dxe4 15. Nxe4 Be7 16. Bxf6 Nxf6 17. Nxf6+ Bxf6 18. Rxe8+ Qxe8 19. Re1 Qd7 20. Qc4 Rd8 21. Re4 Qd5 22. Qxd5 Rxd5 23. Kf1 a4 24. Ke1 Rb5 25. Re8+ Kh7 26. Re2 c5 27. dxc5 Bxb2 28. Re4 Bc3+ 29. Kd1 Bb4 30. Ne5 f5 31. Rc4 Rxc5 32. Rxb4 Rd5+ 33. Nd3 Rxd3+ 34. Kc2 Ra3 35. Kb2 Rd3 36. Kc2 Ra3 37. Kb2 1/2-1/2

[Event "11th LCC FIDE Open 2019"]
[Site "London"]
[Date "2019.12.01"]
[Round "4.9"]
[White "Papadiamandis, Elliot"]
[Black "Flear, Glenn C"]
[Result "1/2-1/2"]
[ECO "C55"]
[WhiteElo "2220"]
[BlackElo "2463"]
[Annotator "ChessBase"]
[PlyCount "72"]
[EventDate "2019.11.29"]
[EventType "swiss"]
[EventCountry "ENG"]
[SourceTitle "playchess.com"]
[Source "ChessBase"]
[SourceQuality "1"]
[TimeControl "40/5400+30:1800+30"]

1. e4 e5 2. Nf3 Nc6 3. Bc4 Nf6 4. d3 Be7 5. c3 O-O 6. Nbd2 d5 7. Bb3 Be6 8. O-O dxe4 9. dxe4 Bxb3 10. Qxb3 Qc8 11. Re1 Nd7 12. Nc4 Nc5 13. Qc2 Qe6 14. Ne3 Bd6 15. Nf5 a5 16. b3 Rfd8 17. Be3 Bf8 18. Rad1 f6 19. Bc1 Ne7 20. Nxe7+ Bxe7 21. Ba3 Kf7 22. Qe2 c6 23. Nh4 g6 24. Qe3 Nd7 25. Bxe7 Qxe7 26. Rd2 Nc5 27. Red1 Rxd2 28. Rxd2 Rd8 29. Nf3 b5 30. g3 Rxd2 31. Nxd2 Qd6 32. Kg2 Kg7 33. a4 Kf7 34. h4 Kg7 35. Kh2 Kg8 36. Kg2 Kg7 1/2-1/2

[Event "11th LCC FIDE Open 2019"]
[Site "London"]
[Date "2019.12.01"]
[Round "4.11"]
[White "Bukojemski, Adam"]
[Black "Kirk, Ezra"]
[Result "0-1"]
[ECO "E63"]
[WhiteElo "2211"]
[BlackElo "2433"]
[Annotator "ChessBase"]
[PlyCount "90"]
[EventDate "2019.11.29"]
[EventType "swiss"]
[EventCountry "ENG"]
[SourceTitle "playchess.com"]
[Source "ChessBase"]
[SourceQuality "1"]
[TimeControl "40/5400+30:1800+30"]

1. Nf3 Nf6 2. c4 g6 3. d4 Bg7 4. g3 O-O 5. Bg2 d6 6. Nc3 Nc6 7. O-O a6 8. b3 Rb8 9. d5 Na5 10. Bg5 c5 11. dxc6 Nxc6 12. Rc1 h6 13. Bf4 Qa5 14. Ne1 Qh5 15. Nd3 g5 16. Bd2 Ng4 17. h3 Nge5 18. Nxe5 Nxe5 19. f4 gxf4 20. Nd5 fxg3 21. Nxe7+ Kh8 22. Nxc8 Rbxc8 23. Rc3 Ng6 24. Rxg3 Be5 25. Bc3 Bxc3 26. Rxc3 Qe5 27. Qd2 Kh7 28. Bxb7 Rce8 29. Rcf3 f5 30. e3 Qg7 31. Bd5 Nh4+ 32. Kh2 Nxf3+ 33. Rxf3 Qe5+ 34. Kh1 Re7 35. b4 Qa1+ 36. Kg2 Rg7+ 37. Rg3 Rxg3+ 38. Kxg3 Qg1+ 39. Kf3 Qf1+ 40. Kg3 Rf6 41. Qf2 Rg6+ 42. Kf3 Qd1+ 43. Kf4 Qh5 44. e4 Qxh3 45. exf5 Rg4# 0-1

[Event "11th LCC FIDE Open 2019"]
[Site "London"]
[Date "2019.12.01"]
[Round "4.13"]
[White "Makkar, Rajat"]
[Black "Sowray, Peter J"]
[Result "1-0"]
[ECO "E04"]
[WhiteElo "2125"]
[BlackElo "2316"]
[Annotator "NA"]
[PlyCount "59"]
[EventDate "2019.11.29"]
[EventType "swiss"]
[EventCountry "ENG"]
[SourceTitle "playchess.com"]
[Source "ChessBase"]
[SourceQuality "1"]
[TimeControl "40/5400+30:1800+30"]

1. d4 d5 2. c4 e6 3. Nf3 Nf6 4. g3 dxc4 5. Bg2 a6 6. O-O Nc6 7. e3 Rb8 8. Nfd2 e5 9. Bxc6+ bxc6 10. dxe5 Ng4 11. Nxc4 Be6 12. Nbd2 Bb4 13. b3 h5 14. f3 Bc3 15. Rb1 Nxe5 16. Nxe5 Bxe5 17. f4 Bf6 18. f5 Bc8 19. Ba3 h4 20. Qf3 Qd5 21. Ne4 Bd7 22. Rbd1 Qa5 23. Nc5 O-O 24. Nxd7 Qxa3 25. Nxf6+ gxf6 26. Qg4+ Kh7 27. Qxh4+ Kg7 28. Rf4 Rfd8 29. Rg4+ Kf8 30. Qh8+ 1-0

[Event "11th LCC FIDE Open 2019"]
[Site "London"]
[Date "2019.12.01"]
[Round "4.14"]
[White "Dong, Bao Nghia"]
[Black "Merry, Alan B"]
[Result "0-1"]
[ECO "A47"]
[WhiteElo "2217"]
[BlackElo "2426"]
[Annotator "ChessBase"]
[PlyCount "108"]
[EventDate "2019.11.29"]
[EventType "swiss"]
[EventCountry "ENG"]
[SourceTitle "playchess.com"]
[Source "ChessBase"]
[SourceQuality "1"]
[TimeControl "40/5400+30:1800+30"]

1. d4 Nf6 2. Nf3 b6 3. Bf4 Bb7 4. h3 g6 5. e3 Bg7 6. a4 a6 7. Nbd2 O-O 8. Bh2 d6 9. Bc4 Nbd7 10. O-O Qe8 11. b4 e5 12. Ra3 e4 13. Ne1 b5 14. axb5 Nb6 15. bxa6 Nxc4 16. axb7 Rxa3 17. Nxc4 Ra7 18. Nxd6 cxd6 19. Bxd6 Rxb7 20. c4 Qe6 21. Bxf8 Bxf8 22. d5 Qe5 23. b5 Bd6 24. g3 Nd7 25. Ng2 Nb6 26. Qb3 Ra7 27. Rc1 Ba3 28. Rd1 Bc5 29. Rc1 g5 30. Qd1 h6 31. Qh5 Qf6 32. Qe2 Ra4 33. Ne1 Rb4 34. Qg4 Rb2 35. Nc2 Qc3 36. Qd1 Qd3 37. Nd4 Bxd4 38. exd4 Nxc4 39. Qe1 Qxd4 40. d6 Nxd6 41. Rd1 Qf6 42. Rb1 Rxb5 43. Rxb5 Nxb5 44. Qxe4 Nd6 45. Qg4 Kh7 46. Qd1 Nf5 47. Qd3 Qg6 48. Qd7 h5 49. g4 Nh4 50. Qe7 hxg4 51. hxg4 Qe6 52. Qb4 Qc6 53. Kf1 Qh1+ 54. Ke2 Qf3+ 0-1

[Event "11th LCC FIDE Open 2019"]
[Site "London"]
[Date "2019.12.01"]
[Round "4.16"]
[White "Percivaldi, Martin"]
[Black "Hill, Alistair"]
[Result "1/2-1/2"]
[ECO "B38"]
[WhiteElo "2384"]
[BlackElo "2193"]
[Annotator "ChessBase"]
[PlyCount "105"]
[EventDate "2019.11.29"]
[EventType "swiss"]
[EventCountry "ENG"]
[SourceTitle "playchess.com"]
[Source "ChessBase"]
[SourceQuality "1"]
[TimeControl "40/5400+30:1800+30"]

1. Nf3 Nf6 2. c4 c5 3. Nc3 g6 4. e4 d6 5. d4 cxd4 6. Nxd4 Bg7 7. Be2 O-O 8. Be3 Nc6 9. O-O Bd7 10. Qd2 Nxd4 11. Bxd4 Bc6 12. f3 Qa5 13. Rac1 Rfc8 14. b3 a6 15. Rc2 Nd7 16. Be3 h5 17. Rb1 Qd8 18. b4 b6 19. a3 a5 20. Qc1 axb4 21. axb4 Bb7 22. Nd5 e6 23. Nf4 Qe7 24. Nd3 d5 25. exd5 exd5 26. c5 bxc5 27. bxc5 Bc6 28. Nb4 Ne5 29. Qd2 Nc4 30. Bxc4 dxc4 31. Nxc6 Rxc6 32. Rxc4 Rd8 33. Re4 Rxd2 34. Rxe7 Bd4 35. Bxd4 Rxd4 36. Rbb7 Rf4 37. Rec7 Rxc7 38. Rxc7 Rc4 39. Kf2 Rc2+ 40. Kg3 Kg7 41. h4 Kf6 42. Rc8 Ke7 43. Rc7+ Ke6 44. c6 Rc4 45. Kh3 Rc3 46. Kh2 Rc2 47. Kh3 Rc3 48. Rc8 Kd6 49. Rf8 Ke7 50. Rc8 Kd6 51. Rd8+ Ke6 52. Rc8 Kd6 53. Rd8+ 1/2-1/2

[Event "11th LCC FIDE Open 2019"]
[Site "London"]
[Date "2019.12.01"]
[Round "4.17"]
[White "Abrahams, Daniel"]
[Black "Vaishali R"]
[Result "0-1"]
[ECO "A30"]
[WhiteElo "2185"]
[BlackElo "2376"]
[Annotator "ChessBase"]
[PlyCount "114"]
[EventDate "2019.11.29"]
[EventType "swiss"]
[EventCountry "ENG"]
[SourceTitle "playchess.com"]
[Source "ChessBase"]
[SourceQuality "1"]
[TimeControl "40/5400+30:1800+30"]

1. c4 b6 2. Nf3 Bb7 3. e3 Nf6 4. b3 g6 5. Bb2 Bg7 6. Be2 c5 7. O-O O-O 8. Qc2 Nc6 9. a3 d5 10. cxd5 Qxd5 11. d3 Rac8 12. Nbd2 Rfd8 13. Rac1 Ba6 14. Nc4 b5 15. Ncd2 Nb8 16. Rfe1 Bb7 17. Qb1 a6 18. d4 Nbd7 19. Bf1 Ne4 20. Nxe4 Qxe4 21. dxc5 Qxb1 22. Rxb1 Nxc5 23. Bxg7 Kxg7 24. b4 Na4 25. Rbc1 Nc3 26. Ne5 Na2 27. Rxc8 Rxc8 28. Ra1 Nc1 29. Nd3 Nb3 30. Rb1 Rc3 31. Rxb3 Rxb3 32. Nc5 Rxa3 33. Nxb7 Rb3 34. Nc5 Rxb4 35. Nxa6 Rb1 36. g4 b4 37. Nxb4 Rxb4 38. h3 Kf6 39. Kg2 g5 40. Kg3 Ke5 41. Bd3 h6 42. h4 e6 43. hxg5 hxg5 44. Bc2 Rc4 45. Bd3 Rc3 46. Bb1 Kd5 47. Bh7 Rc1 48. Kf3 Rh1 49. Bd3 Rg1 50. Bh7 Ra1 51. Bg8 Ra8 52. Bh7 Kc4 53. Ke2 Kc3 54. f4 f6 55. fxg5 fxg5 56. Kf3 Kd2 57. Ke4 Ra4+ 0-1

[Event "11th LCC FIDE Open 2019"]
[Site "London"]
[Date "2019.12.01"]
[Round "4.19"]
[White "Ogunshola, Olugbemiga (Ben)"]
[Black "Beinoras, Mindaugas"]
[Result "0-1"]
[ECO "A12"]
[WhiteElo "2169"]
[BlackElo "2350"]
[Annotator "ChessBase"]
[PlyCount "65"]
[EventDate "2019.11.29"]
[EventType "swiss"]
[EventCountry "ENG"]
[SourceTitle "playchess.com"]
[Source "ChessBase"]
[SourceQuality "1"]
[TimeControl "40/5400+30:1800+30"]

1. c4 c6 2. Nf3 d5 3. b3 Bf5 4. g3 Nf6 5. Bg2 e6 6. O-O h6 7. Bb2 Nbd7 8. d3 Bc5 9. Nbd2 O-O 10. Qe1 Bh7 11. e4 a5 12. a3 Be7 13. Qe2 Nc5 14. Ne5 dxe4 15. dxe4 Qd6 16. Rfd1 Rfd8 17. Rac1 Qc7 18. h3 Rxd2 19. Qxd2 Nxb3 20. Qe3 Nxc1 21. Rxc1 Rd8 22. c5 Nd7 23. Ng4 e5 24. Bf1 h5 25. Nh2 Nf6 26. f3 Nd7 27. Kg2 Nxc5 28. Bc4 Qd6 29. Nf1 Nd3 30. Rd1 Nf4+ 31. gxf4 Qg6+ 32. Ng3 Rxd1 33. Bxe5 0-1

[Event "11th LCC FIDE Open 2019"]
[Site "London"]
[Date "2019.12.01"]
[Round "4.20"]
[White "Bates, Richard A"]
[Black "Tanmay Chopra"]
[Result "1-0"]
[ECO "E01"]
[WhiteElo "2342"]
[BlackElo "2082"]
[Annotator "ChessBase"]
[PlyCount "55"]
[EventDate "2019.11.29"]
[EventType "swiss"]
[EventCountry "ENG"]
[SourceTitle "playchess.com"]
[Source "ChessBase"]
[SourceQuality "1"]
[TimeControl "40/5400+30:1800+30"]

1. d4 Nf6 2. Nf3 d5 3. c4 e6 4. g3 dxc4 5. Bg2 c6 6. O-O b5 7. Nc3 Nbd7 8. Qc2 Bb7 9. e4 Qc8 10. b3 b4 11. Na4 c3 12. a3 a5 13. axb4 axb4 14. Bf4 Ba6 15. Rfe1 Bb5 16. d5 Bxa4 17. bxa4 cxd5 18. exd5 Nxd5 19. Nd4 Nxf4 20. gxf4 Bc5 21. Nxe6 fxe6 22. Rxe6+ Kd8 23. Rc6 Qb8 24. Rd1 Qa7 25. Bh3 Bxf2+ 26. Kf1 Bd4 27. Rd6 Rb8 28. R1xd4 1-0

[Event "11th LCC FIDE Open 2019"]
[Site "London"]
[Date "2019.12.01"]
[Round "4.22"]
[White "Bates, Caspar J"]
[Black "Cox, John J"]
[Result "0-1"]
[ECO "A43"]
[WhiteElo "2120"]
[BlackElo "2306"]
[Annotator "ChessBase"]
[PlyCount "90"]
[EventDate "2019.11.29"]
[EventType "swiss"]
[EventCountry "ENG"]
[SourceTitle "playchess.com"]
[Source "ChessBase"]
[SourceQuality "1"]
[TimeControl "40/5400+30:1800+30"]

1. d4 c5 2. d5 Nf6 3. Nc3 d6 4. e4 g6 5. Be2 Bg7 6. Be3 Na6 7. Qd2 Nc7 8. Bh6 Bxh6 9. Qxh6 e5 10. dxe6 Bxe6 11. O-O-O Qe7 12. e5 dxe5 13. Nf3 Bd7 14. Ng5 O-O-O 15. Kb1 Ne6 16. Nxe6 Qxe6 17. Qe3 b6 18. Ba6+ Kb8 19. Bc4 Qe7 20. Rhe1 Bc6 21. Rxd8+ Rxd8 22. Qg5 e4 23. f3 Re8 24. fxe4 Nxe4 25. Qf4+ Qe5 26. Qxe5+ Rxe5 27. Nxe4 Rxe4 28. Rxe4 Bxe4 29. Bxf7 Bxg2 30. Kc1 Kc7 31. Kd2 Kd6 32. Ke3 Bd5 33. Bxd5 Kxd5 34. Kf4 h6 35. c3 Ke6 36. Ke4 g5 37. a4 h5 38. c4 g4 39. Kf4 Kf6 40. a5 bxa5 41. b3 a4 42. bxa4 a5 43. Ke4 h4 44. Kf4 g3 45. hxg3 hxg3 0-1